AoeStats
← Samarium

Migration

509106289Analyzed
1v1 RM · 6d ago on Sep 25, 2026· 18m 30s· 2 players
Game mode
Random Map
Map size
132×132
Population
200
Speed
Normal
Resources
Standard
Victory
Conquest
Starting age
Dark Age
Ending age
Imperial Age
RankedLock teamsTeams togetherTeam positionsShared explorationLock speedFull tech treeHidden civsTurbo modeCheats
Victory
Defeat
🇫🇷 Sicilians · France
807
+15
🇧🇬 Vikings · Bulgaria
776
-15
Lord Future
11:41 Feudal Age
12:14 Double-Bit Axe
12:23 Gold Mining
14:43 Horse Collar
16:28 Man-at-Arms
17:26 Loom
20:27 Castle Age
Samarium
13:01 Feudal Age
14:18 Loom
Connection lost

Rejoining the realm…

Still unreachable

The connection could not be restored.

Session expired

The server has moved on; the page needs a fresh start.